 Dungeon Crawl Stone Soup version 0.32-a0-433-g08bcfe7efd (webtiles) character file.

Game seed: 16385594053142325982

373 Dittersdorf the Shield-Bearer (level 6, -1/40 HPs)
             Began as a Gargoyle Fighter on Feb 22, 2024.
             Slain by a gnoll
             ... wielding a +0 halberd
             ... led by a gnoll bouda
              (4 damage)
             ... on level 4 of the Dungeon.
             The game lasted 00:02:24 (2485 turns).

Dittersdorf the Shield-Bearer (Gargoyle Fighter)    Turns: 2485, Time: 00:02:25

Health: -1/40      AC: 12    Str: 22    XL:     6   Next: 71%
Magic:  6/6        EV:  9    Int:  8    God:
Gold:   197        SH:  4    Dex:  9    Spells: 5/5 levels left

rFire   . . .        a - +0 flail
rCold   . . .        c - +0 buckler
rNeg    + . .        b - +0 scale mail
rPois   ∞            (no helmet)
rElec   +            i - +0 cloak
rCorr   +            (no gloves)
SInv    .            (no boots)
Will    .....        f - amulet of magic regeneration Stlth
                     l - ring of resist corrosion
HPRegen 0.26/turn    (no ring)
MPRegen 0.50/turn

%: no passive effects
@: no status effects
A: sickness immunity, AC +4, negative energy resistance 1, electricity
resistance, torment resistance 1, petrification resistance
a: no special abilities


You were on level 4 of the Dungeon.
You visited 1 branch of the dungeon, and saw 4 of its levels.

You collected 197 gold pieces.

Inventory:

Hand Weapons
 a - a +0 flail (weapon)
 n - the +8 shortbow "Fasoac" {elec, Fly rN+ Stlth+}
   (You found it on level 3 of the Dungeon)

   rN+:       It protects you from negative energy.
   Fly:       It grants you flight.
   Stlth+:    It makes you more stealthy.
Armour
 b - a +0 scale mail (worn)
 c - a +0 buckler (worn)
 i - a +0 cloak (worn)
 k - a +0 plate armour
Jewellery
 f - an amulet of magic regeneration (around neck)
 l - a ring of resist corrosion (left hand)
Scrolls
 g - 4 scrolls of identify {unknown}
 h - a scroll of vulnerability {unknown}
 m - a scroll of teleportation {unknown}
 o - a scroll of fear {unknown}
 p - a scroll of immolation {unknown}
Potions
 e - 3 potions of curing {unknown}
 j - a potion of invisibility {unknown}


   Skills:
 + Level 4.8 Fighting
 + Level 3.8 Maces & Flails
 + Level 4.8 Armour
 + Level 4.9 Shields


You had 5 spell levels left.
You didn't know any spells.
Your spell library contained the following spells:

 Spells                   Type           Power      Damage    Failure   Level
 Volatile Blastmotes      Fire/Tloc      0%         2d10      98%         3
 Fulminant Prism          Conj/Alch      0%         3d5       100%        4
 Iskenderun's Mystic Bla  Conj/Tloc      0%         2d3       100%        4


Dungeon Overview and Level Annotations

Branches:
Dungeon (4/15)
 Temple: D:4-7

Altars:
Ru

Annotations:
D:4 Sigmund


Innate Abilities, Weirdness & Mutations

You are immune to sickness and miasma.
Your stone body is resilient. (AC +4)
You are immune to poison.
You resist negative energy. (rN+)
You are resistant to electric shocks. (rElec)
You are resistant to unholy torment.
You are immune to petrification.


Message History

Sigmund casts a spell at you. The puff of flame hits you!
The gnoll hits you but does no damage.
You closely miss the gnoll.
The gnoll is almost dead.
The gnoll barely misses you. Sigmund casts a spell at you.
You are confused.
The gnoll hits you with a +0 spear. The gnoll hits you with a +0 halberd!
You are too injured to fight recklessly!
You are too injured to fight recklessly!
You are too injured to fight recklessly!
You are too injured to fight recklessly!
You are too injured to fight recklessly!
You are too injured to fight recklessly!
You are too injured to fight recklessly!
You are too injured to fight recklessly!
You are too injured to fight recklessly!
You are too injured to fight recklessly!
You are too injured to fight recklessly!
You are too injured to fight recklessly!
You are too injured to fight recklessly!
Sigmund screams, "I am the angel of ZOT!!!"
The gnoll hits you with a +0 spear. The gnoll hits you but does no damage.
In your confused state, you trip and fall back down the stairs.
The gnoll hits you but does no damage. The gnoll hits you with a +0 halberd.
* * * LOW HITPOINT WARNING * * *
Sigmund gestures wildly while chanting.
Sigmund flickers and vanishes!
Deactivating autopickup; reactivate with Ctrl-A.
The gnoll hits you but does no damage. The gnoll hits you with a +0 spear!
* * * LOW HITPOINT WARNING * * *
The gnoll closely misses you.
In your confused state, you trip and fall back down the stairs.
* * * LOW HITPOINT WARNING * * *
The gnoll throws a stone.
The stone hits you.
* * * LOW HITPOINT WARNING * * *
The gnoll hits you but does no damage. The gnoll barely misses you.
You feel less confused.
The gnoll hits you from afar with a +0 halberd.
You die...

#.....####...##
#....... .....#
..#......###...#
......#..#.....##
#............#
#..........(.#
#.[.....#.÷..#..#
#.......#.#..gg.#
......######.#@##
.##... #..#..#
#... #..#g#.#
#... #...##.#..#
#....#..# .#
.....#.... .#
....... .... .
####..# .... .#
... ......


You could see 3 gnolls.

Vanquished Creatures
  Pargi (D:3)
  A scorpion (D:3)
  A hound (D:3)
  2 gnoll boudas (D:3)
  A sleepcap (D:3)
  An adder (D:2)
  5 gnolls (D:3)
  2 dart slugs
  3 endoplasms
  A giant cockroach (D:3)
  4 hobgoblins
  8 kobolds
  A quokka (D:1)
  10 ball pythons
  6 bats
  2 frilled lizards (D:1)
  5 goblins
  4 rats
58 creatures vanquished.

Notes
Turn   | Place    | Note
-------+----------+-------------------------------------------
     0 | D:1      | Dittersdorf the Gargoyle Fighter began the quest for the
                  | Orb.
     0 | D:1      | Reached XP level 1. HP: 14/14 MP: 1/1
   142 | D:1      | Reached XP level 2. HP: 19/19 MP: 2/2
   364 | D:1      | Reached XP level 3. HP: 18/23 MP: 3/3
   470 | D:1      | Found a faded altar of an unknown god.
  1031 | D:2      | Found a sacrificial altar of Ru.
  1626 | D:3      | Reached XP level 4. HP: 29/29 MP: 4/4
  1911 | D:3      | Identified the +8 shortbow "Fasoac" {elec, Fly rN+ Stlth+}
  1965 | D:3      | Reached XP level 5. HP: 33/33 MP: 5/5
  2154 | D:4      | Noticed Pargi
  2246 | D:3      | Killed Pargi
  2247 | D:3      | Reached XP level 6. HP: 28/39 MP: 6/6
  2259 | D:4      | Noticed Sigmund
  2485 | D:4      | Slain by a gnoll

Illustrated notes

Levels and vault maps discovered:
D:1:      giann_wishing_wells, layout_basic, ebering_ecumenical_altar_rust,
          grunt_decor_cap, corexii_hall_statues_i
D:2:      layout_basic, basic_altar
D:3:      layout_basic
D:4:      cheibrodos_barr_body, layout_cave_pools, general_overflow_altar,
          nemelex_xobeh_ov_fountains_minmay, mainiacjoe_overflow_catwalk,
          guppyfry_shop_venom, uniq_robin, uniq_pargi, uniq_sigmund

Skill      XL: |  1  2  3  4 |
---------------+-------------+-----
Fighting       | 4 |  4.8
Armour         | 4 |  4.8
Shields        | 4 |  4.9
Maces & Flails | 3 |  3.8

Action                     |  1- 3 |  4- 6 || total
---------------------------+-------+-------++-------
  Melee: Flail             |   128 |    95 ||   223
    Use: Potion            |       |     1 ||     1
 Armour: Scale mail        |   116 |   115 ||   231
  Dodge: Dodged            |    79 |    64 ||   143
  Block: Buckler           |    34 |    31 ||    65

Table legend: (Time is in decaauts)
 A = Elapsed time spent in this place.
 B = Non-inter-level travel time spent in this place.
 C = Inter-level travel time spent in this place.
 D = Time resting spent in this place.
 E = Time spent auto-exploring this place.
 F = Levels seen in this place.
 G = Mean time per level.
                   A        B        C        D        E       F      G
               +--------+--------+--------+--------+--------+-----+--------+
         Total |   2556 |   2474 |     82 |    383 |   1539 |   4 |  639.0 |
       Dungeon |   2556 |   2474 |     82 |    383 |   1539 |   4 |  639.0 |
               +--------+--------+--------+--------+--------+-----+--------+

Top non-repeatable levels by time:
     D:3: 998 daAuts
     D:1: 848 daAuts
     D:2: 635 daAuts
     D:4: 74 daAuts
